 Dungeon Crawl Stone Soup version 0.31-a0-152-g6aa68a64a1 (webtiles) character file.

Game seed: 2320333217043185468

2660 qw the Skirmisher (level 9, -1/85 HPs)
             Began as a Naga Hunter on June 10, 2023.
             Was a Follower of Okawaru.
             Slain by a yak (13 damage)
             ... on level 6 of the Dungeon.
             The game lasted 00:02:18 (5224 turns).

qw the Skirmisher (Naga Hunter)                     Turns: 5224, Time: 00:02:19

Health: -1/85      AC: 14    Str: 14    XL:     9   Next: 63%
Magic:  9/11       EV: 14    Int: 10    God:    Okawaru [*.....]
Gold:   30         SH:  0    Dex: 18    Spells: 8/8 levels left

rFire   . . .        m - +0 arbalest
rCold   . . .        (shield currently unavailable)
rNeg    . . .        e - +3 leather armour
rPois   +            (no helmet)
rElec   .            a - +0 cloak
rCorr   .            h - +0 pair of gloves
SInv    +            (no barding)
Will    +....        g - amulet of faith
Stlth   +++          j - +4 ring of protection
HPRegen 0.34/turn    (no ring)
MPRegen 0.12/turn

%: faith
@: about to teleport, short of breath, heroic, very slow
A: AC +3, large, see invisible, deformed body, poison resistance, slowness 2,
spit poison 1, naga tail 1
a: Spit Poison, Renounce Religion, Heroism


You were on level 6 of the Dungeon.
You worshipped Okawaru.
Okawaru was aware of your devotion.
You visited 2 branches of the dungeon, and saw 7 of its levels.

You collected 312 gold pieces.
You spent 282 gold pieces at shops.


Innate Abilities, Weirdness & Mutations

Your serpentine skin is tough. (AC +3)
You have supernaturally acute eyesight. (SInv)
Armour fits poorly on your strangely shaped body.
Your system is resistant to poisons. (rPois)
You cover ground very slowly.
You can spit poison.
You have a snake-like lower body.


   Skills:
 + Level 6.6(11.6) Fighting
 - Level 10.0(15.0) Ranged Weapons
 - Level 1.0(6.0) Armour
 - Level 3.1(8.1) Dodging
 - Level 1.5(6.5) Stealth
 + Level 3.1 Invocations


You had 8 spell levels left.
You didn't know any spells.
Your spell library was empty.

Inventory:

Hand Weapons
 m - a +0 arbalest (weapon)
Armour
 a - a +0 cloak (worn)
 e - a +3 leather armour (worn)
 h - a +0 pair of gloves (worn)
Jewellery
 f - an amulet of reflection
 g - an amulet of faith (around neck)
 j - a +4 ring of protection (left hand)
Scrolls
 k - a scroll of identify
Potions
 b - a potion of mutation
 c - 2 potions of curing
 d - a potion of cancellation
 i - a potion of resistance

Dungeon Overview and Level Annotations

Branches:
Dungeon (6/15)             Temple (1/1) D:5

Altars:
Ashenzari
Cheibriados
Dithmenos
Elyvilon
Fedhas
Gozag
Hepliaklqana
Kikubaaqudgha
Makhleb
Nemelex Xobeh
Okawaru
Qazlal
Ru
Sif Muna
Trog
Uskayaw
Vehumet
Wu Jian
Xom
Yredelemnul
Zin
The Shining One

Shops:
D:1 ?   D:5 ?   D:6 !


Message History

Aiming: Spit Poison (1% risk of failure)
Press: ? - help, Shift-Dir - straight line, f/p - yak The splash of poison hits the yak.
The yak is heavily wounded.
The orc completely misses you. The yak gores you!
You shoot a bolt. The bolt barely misses the yak.
The orc completely misses you. x2; The yak barely misses you.
The yak completely misses you.
You shoot a bolt.
The bolt hits the yak but does no damage.
The yak is heavily wounded.
You have got your breath back.
The orc closely misses you. The orc hits you but does no damage.
The yak barely misses you. x2; The yak gores you.
The yak completely misses you. The yak gores you but does no damage.
The orc hits you but does no damage. The yak closely misses you.
5221 ||| INVOKING Spit Poison.
Aiming: Spit Poison (1% risk of failure)
Press: ? - help, Shift-Dir - straight line, f/p - yak The splash of poison hits the yak!
The yak is poisoned.
The yak is severely wounded.
The yak completely misses you. The orc hits you but does no damage.
The yak gores you. The yak barely misses you.
The yak gores you but does no damage.
You shoot a bolt. The bolt hits the yak.
The yak is almost dead.
The orc misses you. The yak misses you. The yak gores you but does no damage.
The yak closely misses you. x2
You shoot a bolt. The bolt hits the yak!
You kill the yak!
Okawaru accepts your kill. The yak closely misses you. The yak gores you!
The yak closely misses you. The orc barely misses you.
Your base Ranged Weapons skill increases to level 10!
Your Invocations skill increases to level 3!
5224 ||| READING scroll of teleportation.
As you read the scroll of teleportation, it crumbles to dust.
You feel strangely unstable. The orc hits you with a +0 club.
The yak gores you!
You die...

#.###.# #.# #.#
### #####.#
#.###.. ###.....#
#.#.#.#
..#.#######.#.#..
# #.#.# #...#....
.#.#####.#.#
#.###.#..
.?...)Yo>#.#
#...#.#..
#...oY@.#.#
###.#.#.#
#.###Y..#.#
#.#.... #..#.#.#
###.#<###
....##.#.#
#...#.# #<.##
#.#.# #.#.#.# ##.
#.#.# #.###.# .
#.#.# #.#...# #
#.#.### #.#.###
###.# #.#...#
#.#.##


You could see 3 yaks and 2 orcs.

Vanquished Creatures
  Pikel (D:5)
  Grinder (D:3)
  Prince Ribbit (D:5)
  2 yaks (D:6)
  A steam dragon (D:5)
  Menkaure (D:5)
  Duvessa (D:4)
  Pargi (D:3)
  2 ice beasts
  2 black bears
  2 ogres
  A lemure (D:5)
  2 scorpions
  Dowan (D:4)
  An orc priest (D:5)
  2 hounds
  A sleepcap (D:5)
  Jessica (D:3)
  An iguana (D:5)
  4 gnolls (D:2)
  6 adders
  A river rat (D:4)
  2 worms
  4 dart slugs
  10 orcs
  10 ball pythons
  4 bats
  7 endoplasms
  10 giant cockroaches
  11 goblins
  7 hobgoblins
  3 jackals (D:3)
  7 kobolds
  2 quokkas
  5 frilled lizards
  5 rats
123 creatures vanquished.

Notes
Turn   | Place    | Note
-------+----------+-------------------------------------------
     0 | D:1      | qw the Naga Hunter began the quest for the Orb.
     0 | D:1      | Reached XP level 1. HP: 19/19 MP: 1/1
     0 | D:1      | 0 ||| qw: Version: 0.2-a-29-g0080da8
     0 | D:1      | 0 ||| qw: Game counter: 3839
     0 | D:1      | 0 ||| qw: Always use a shield: true
     0 | D:1      | 0 ||| qw: God list: Okawaru
     0 | D:1      | 0 ||| qw: Allow faded altars: false
     0 | D:1      | 0 ||| qw: Do Orc after D:15 true
     0 | D:1      | 0 ||| qw: Do second Lair branch before Depths: true
     0 | D:1      | 0 ||| qw: Lair rune preference: random
     0 | D:1      | 0 ||| qw: Plans: Normal
     0 | D:1      | 0 ||| PLANNING D:1-11
    15 | D:1      | 15 ||| INVOKING Spit Poison.
    52 | D:1      | 52 ||| INVOKING Spit Poison.
    55 | D:1      | 55 ||| INVOKING Spit Poison.
   116 | D:1      | 116 ||| INVOKING Spit Poison.
   131 | D:1      | Reached skill level 4 in Ranged Weapons
   131 | D:1      | Reached XP level 2. HP: 26/26 MP: 2/2
   143 | D:1      | 143 ||| INVOKING Spit Poison.
   148 | D:1      | 148 ||| INVOKING Spit Poison.
   256 | D:1      | 256 ||| INVOKING Spit Poison.
   261 | D:1      | 261 ||| INVOKING Spit Poison.
   277 | D:1      | 277 ||| INVOKING Spit Poison.
   296 | D:1      | 296 ||| INVOKING Spit Poison.
   301 | D:1      | 301 ||| INVOKING Spit Poison.
   305 | D:1      | HP: 6/26 [goblin/+3 dagger of protection (3)]
   306 | D:1      | HP: 1/26 [goblin/+3 dagger of protection (5)]
   307 | D:1      | 307 ||| INVOKING Spit Poison.
   539 | D:1      | 539 ||| INVOKING Spit Poison.
   585 | D:1      | Found Jamuots's Magic Scroll Emporium.
   588 | D:1      | 588 ||| SHOPLISTING scroll of enchant armour (82 gold, have
                  | 59).
   588 | D:1      | 588 ||| BUYING scroll of identify (22 gold).
   588 | D:1      | Bought a scroll of identify for 22 gold pieces
   588 | D:1      | 588 ||| BUYING scroll of identify (22 gold).
   588 | D:1      | Bought a scroll of identify for 22 gold pieces
   588 | D:1      | 588 ||| SHOPLISTING scroll of identify (22 gold, have 15).
   617 | D:1      | 617 ||| DROPPING amulet of magic regeneration.
   618 | D:1      | 618 ||| UPGRADING to amulet of faith.
   623 | D:1      | 623 ||| UPGRADING to +4 ring of protection.
   624 | D:1      | 624 ||| READING 3 scrolls labelled ROSUSS NOM XOI.
   627 | D:1      | 627 ||| READING scroll labelled CYOSOL NETOY.
   628 | D:1      | 628 ||| READING 2 scrolls of identify.
   628 | D:1      | 628 ||| IDENTIFYING metallic white potion
   629 | D:1      | 629 ||| DROPPING scroll of butterflies.
   630 | D:1      | 630 ||| DROPPING potion of ambrosia.
   666 | D:2      | 666 ||| INVOKING Spit Poison.
   669 | D:2      | 669 ||| INVOKING Spit Poison.
   672 | D:2      | 672 ||| INVOKING Spit Poison.
   682 | D:2      | 682 ||| INVOKING Spit Poison.
   685 | D:2      | Reached XP level 3. HP: 32/32 MP: 3/3
   693 | D:2      | You fall into a shaft and drop 2 floors!
   694 | D:4      | 694 ||| PLANNING SEWER
   699 | D:4      | 699 ||| INVOKING Spit Poison.
   716 | D:4      | 716 ||| INVOKING Spit Poison.
   758 | D:4      | 758 ||| INVOKING Spit Poison.
   761 | D:4      | Reached skill level 5 in Ranged Weapons
   761 | D:4      | Reached XP level 4. HP: 39/39 MP: 4/4
   835 | D:4      | 835 ||| INVOKING Spit Poison.
   842 | D:4      | Noticed a scorpion
   845 | D:4      | 845 ||| INVOKING Spit Poison.
   848 | D:4      | Killed a scorpion
   849 | D:4      | Reached skill level 3 in Fighting
   849 | D:4      | Reached XP level 5. HP: 49/49 MP: 5/5
   878 | D:4      | 878 ||| INVOKING Spit Poison.
   885 | D:4      | Noticed an ice beast
   898 | D:4      | HP: 11/49 [ice beast (12)]
   899 | D:4      | 899 ||| READING 3 scrolls of teleportation.
   901 | D:4      | Killed an ice beast
  1064 | D:4      | 1064 ||| INVOKING Spit Poison.
  1107 | D:4      | 1107 ||| INVOKING Spit Poison.
  1112 | D:4      | 1112 ||| INVOKING Spit Poison.
  1127 | D:4      | Found a snail-covered altar of Cheibriados.
  1128 | D:4      | Found a bloodstained altar of Trog.
  1152 | D:4      | Noticed an ogre
  1153 | D:4      | 1153 ||| INVOKING Spit Poison.
  1157 | D:4      | 1157 ||| INVOKING Spit Poison.
  1159 | D:4      | Killed an ogre
  1160 | D:4      | Reached skill level 6 in Ranged Weapons
  1160 | D:4      | Reached XP level 6. HP: 35/56 MP: 6/6
  1167 | D:4      | 1167 ||| FLEEEEING.
  1251 | D:4      | 1251 ||| INVOKING Spit Poison.
  1258 | D:4      | 1258 ||| INVOKING Spit Poison.
  1261 | D:4      | 1261 ||| INVOKING Spit Poison.
  1265 | D:4      | 1265 ||| INVOKING Spit Poison.
  1306 | D:4      | 1306 ||| RIP SEWER
  1347 | D:4      | 1347 ||| PLANNING D:1-11
  1347 | D:4      | 1347 ||| READING scroll labelled LEBEBE FIOSY.
  1348 | D:4      | 1348 ||| READING 2 scrolls of identify.
  1348 | D:4      | 1348 ||| IDENTIFYING viscous inky potion
  1349 | D:4      | 1349 ||| DROPPING potion of berserk rage.
  1372 | D:3      | 1372 ||| INVOKING Spit Poison.
  1373 | D:3      | 1373 ||| INVOKING Spit Poison.
  1409 | D:3      | 1409 ||| INVOKING Spit Poison.
  1418 | D:3      | 1418 ||| INVOKING Spit Poison.
  1427 | D:3      | 1427 ||| INVOKING Spit Poison.
  1446 | D:3      | 1446 ||| INVOKING Spit Poison.
  1450 | D:3      | 1450 ||| INVOKING Spit Poison.
  1453 | D:3      | 1453 ||| INVOKING Spit Poison.
  1472 | D:3      | Noticed Grinder
  1487 | D:3      | Paralysed by Grinder for 5 turns
  1498 | D:3      | Killed Grinder
  1499 | D:3      | Reached XP level 7. HP: 35/67 MP: 7/7
  1606 | D:3      | 1606 ||| READING scroll labelled ROL DAGESMIO.
  1607 | D:3      | 1607 ||| READING scroll labelled ZAGHUG MIECZEX.
  1616 | D:3      | 1616 ||| INVOKING Spit Poison.
  1667 | D:2      | 1667 ||| INVOKING Spit Poison.
  1673 | D:2      | 1673 ||| INVOKING Spit Poison.
  1701 | D:2      | 1701 ||| INVOKING Spit Poison.
  1717 | D:2      | 1717 ||| INVOKING Spit Poison.
  1724 | D:2      | 1724 ||| INVOKING Spit Poison.
  1726 | D:2      | 1726 ||| Stepping ~*~*~tactically~*~*~ (outnumbered).
  1728 | D:2      | 1728 ||| INVOKING Spit Poison.
  1730 | D:2      | 1730 ||| Stepping ~*~*~tactically~*~*~ (outnumbered).
  1734 | D:2      | 1734 ||| INVOKING Spit Poison.
  1739 | D:2      | 1739 ||| INVOKING Spit Poison.
  1743 | D:2      | 1743 ||| INVOKING Spit Poison.
  1749 | D:2      | 1749 ||| INVOKING Spit Poison.
  1823 | D:2      | 1823 ||| INVOKING Spit Poison.
  1827 | D:2      | 1827 ||| INVOKING Spit Poison.
  1833 | D:2      | 1833 ||| INVOKING Spit Poison.
  2033 | D:2      | 2033 ||| INVOKING Spit Poison.
  2253 | D:2      | 2253 ||| UPGRADING to +0 pair of gloves.
  2258 | D:2      | 2258 ||| READING scroll labelled DAKHUA FIPHOKK.
  2259 | D:2      | 2259 ||| READING scroll labelled TIRUTHR OMAE.
  2260 | D:2      | 2260 ||| DRINKING 2 glowing grey potions.
  2261 | D:2      | 2261 ||| DRINKING 2 red potions.
  2308 | D:2      | 2308 ||| READING 2 scrolls of identify.
  2308 | D:2      | 2308 ||| IDENTIFYING green potion
  2309 | D:2      | 2309 ||| DROPPING potion of attraction.
  2310 | D:2      | 2310 ||| DROPPING potion of lignification.
  2416 | D:3      | 2416 ||| INVOKING Spit Poison.
  2429 | D:3      | 2429 ||| INVOKING Spit Poison.
  2484 | D:3      | Noticed Jessica
  2488 | D:3      | 2488 ||| INVOKING Spit Poison.
  2492 | D:3      | 2492 ||| INVOKING Spit Poison.
  2498 | D:3      | 2498 ||| INVOKING Spit Poison.
  2498 | D:3      | Killed Jessica
  2524 | D:3      | 2524 ||| INVOKING Spit Poison.
  2609 | D:3      | Noticed Pargi
  2610 | D:3      | 2610 ||| INVOKING Spit Poison.
  2614 | D:3      | 2614 ||| INVOKING Spit Poison.
  2618 | D:3      | 2618 ||| INVOKING Spit Poison.
  2619 | D:3      | Killed Pargi
  2620 | D:3      | Reached skill level 7 in Ranged Weapons
  2783 | D:3      | 2783 ||| READING scroll labelled OWOSIS EDONTUO.
  2784 | D:3      | 2784 ||| READING 2 scrolls of identify.
  2784 | D:3      | 2784 ||| IDENTIFYING emerald potion
  2785 | D:3      | 2785 ||| DROPPING potion of enlightenment.
  2885 | D:4      | 2885 ||| INVOKING Spit Poison.
  2888 | D:4      | 2888 ||| INVOKING Spit Poison.
  2899 | D:4      | 2899 ||| INVOKING Spit Poison.
  2902 | D:4      | 2902 ||| INVOKING Spit Poison.
  2915 | D:4      | 2915 ||| INVOKING Spit Poison.
  2934 | D:4      | 2934 ||| INVOKING Spit Poison.
  2940 | D:4      | 2940 ||| INVOKING Spit Poison.
  2946 | D:4      | 2946 ||| INVOKING Spit Poison.
  2952 | D:4      | Reached XP level 8. HP: 40/74 MP: 8/8
  3121 | D:4      | 3121 ||| INVOKING Spit Poison.
  3148 | D:4      | Noticed Dowan
  3150 | D:4      | Noticed Duvessa
  3151 | D:4      | 3151 ||| INVOKING Spit Poison.
  3155 | D:4      | 3155 ||| INVOKING Spit Poison.
  3158 | D:4      | 3158 ||| INVOKING Spit Poison.
  3161 | D:4      | 3161 ||| INVOKING Spit Poison.
  3163 | D:4      | Killed Duvessa
  3166 | D:4      | 3166 ||| INVOKING Spit Poison.
  3168 | D:4      | Killed Dowan
  3260 | D:4      | 3260 ||| UPGRADING to +3 leather armour.
  3270 | D:4      | 3270 ||| DROPPING +0 leather armour.
  3271 | D:4      | 3271 ||| DRINKING 2 murky puce potions.
  3272 | D:4      | 3272 ||| READING 2 scrolls of identify.
  3272 | D:4      | 3272 ||| IDENTIFYING white potion
  3273 | D:4      | 3273 ||| DROPPING potion of degeneration.
  3278 | D:5      | Entered Level 5 of the Dungeon
  3279 | D:5      | Found a staircase to the Ecumenical Temple.
  3280 | D:5      | 3280 ||| PLANNING TEMPLE
  3284 | D:5      | 3284 ||| INVOKING Spit Poison.
  3302 | Temple   | Entered the Ecumenical Temple
  3302 | Temple   | Found a transporter.
  3302 | Temple   | Found a transporter.
  3304 | Temple   | Found a transporter.
  3304 | Temple   | Found a transporter.
  3314 | Temple   | 3314 ||| PLANNING D:1-11
  3329 | Temple   | 3329 ||| PLANNING OKAWARU WORSHIP
  3335 | Temple   | Became a worshipper of Warmaster Okawaru
  3335 | Temple   | 3335 ||| PLANNING D:1-11
  3363 | D:5      | 3363 ||| INVOKING Spit Poison.
  3376 | D:5      | 3376 ||| INVOKING Spit Poison.
  3381 | D:5      | 3381 ||| INVOKING Spit Poison.
  3386 | D:5      | 3386 ||| INVOKING Spit Poison.
  3431 | D:5      | Noticed Pikel
  3432 | D:5      | 3432 ||| INVOKING Spit Poison.
  3439 | D:5      | 3439 ||| INVOKING Spit Poison.
  3445 | D:5      | 3445 ||| INVOKING Spit Poison.
  3448 | D:5      | Killed Pikel
  3449 | D:5      | Reached skill level 9 in Ranged Weapons
  3593 | D:5      | 3593 ||| INVOKING Spit Poison.
  3599 | D:5      | 3599 ||| INVOKING Spit Poison.
  3609 | D:5      | 3609 ||| INVOKING Spit Poison.
  3616 | D:5      | 3616 ||| INVOKING Spit Poison.
  3622 | D:5      | 3622 ||| INVOKING Spit Poison.
  3622 | D:5      | HP: 16/74 [orc priest/+0 hand axe (3)]
  3623 | D:5      | 3623 ||| READING 2 scrolls of teleportation.
  3625 | D:5      | Reached skill level 1 in Armour
  3634 | D:5      | 3634 ||| FLEEEEING.
  3635 | D:5      | 3635 ||| FLEEEEING.
  3636 | D:5      | 3636 ||| STAIRDANCE
  3803 | D:5      | 3803 ||| INVOKING Spit Poison.
  3825 | D:5      | Noticed Prince Ribbit
  3826 | D:5      | 3826 ||| INVOKING Spit Poison.
  3829 | D:5      | 3829 ||| INVOKING Spit Poison.
  3834 | D:5      | 3834 ||| INVOKING Spit Poison.
  3837 | D:5      | 3837 ||| INVOKING Spit Poison.
  3844 | D:5      | 3844 ||| INVOKING Spit Poison.
  3851 | D:5      | 3851 ||| INVOKING Spit Poison.
  3855 | D:5      | 3855 ||| INVOKING Spit Poison.
  3855 | D:5      | Killed Prince Ribbit
  3855 | D:5      | Reached * piety under Okawaru
  3856 | D:5      | Reached skill level 6 in Fighting
  3856 | D:5      | Reached XP level 9. HP: 38/85 MP: 9/9
  4014 | D:5      | 4014 ||| INVOKING Spit Poison.
  4018 | D:5      | Found a sparkling altar of Nemelex Xobeh.
  4030 | D:5      | Noticed Menkaure
  4031 | D:5      | 4031 ||| INVOKING Heroism.
  4038 | D:5      | Killed Menkaure
  4039 | D:5      | Reached skill level 3 in Dodging
  4039 | D:5      | Reached skill level 1 in Invocations
  4226 | D:5      | 4226 ||| INVOKING Heroism.
  4227 | D:5      | 4227 ||| Stepping ~*~*~tactically~*~*~ (cloud).
  4229 | D:5      | 4229 ||| INVOKING Spit Poison.
  4231 | D:5      | 4231 ||| Stepping ~*~*~tactically~*~*~ (cloud).
  4235 | D:5      | 4235 ||| INVOKING Spit Poison.
  4239 | D:5      | 4239 ||| INVOKING Heroism.
  4242 | D:5      | 4242 ||| INVOKING Spit Poison.
  4245 | D:5      | HP: 21/85 [steam dragon] (4)]
  4246 | D:5      | 4246 ||| READING scroll of teleportation.
  4248 | D:5      | 4248 ||| Stepping ~*~*~tactically~*~*~ (cloud).
  4249 | D:5      | 4249 ||| Stepping ~*~*~tactically~*~*~ (cloud).
  4750 | D:5      | 4750 ||| INVOKING Spit Poison.
  4816 | D:5      | Found Miyzyumew's Magic Scroll Shop.
  4819 | D:5      | 4819 ||| BUYING scroll of teleportation (42 gold).
  4819 | D:5      | Bought a scroll of teleportation for 42 gold pieces
  4849 | D:5      | 4849 ||| UPGRADING to +0 cloak.
  4854 | D:5      | 4854 ||| DROPPING amulet of the acrobat.
  4855 | D:5      | 4855 ||| READING 2 scrolls of identify.
  4855 | D:5      | 4855 ||| IDENTIFYING smoky golden potion
  4856 | D:5      | 4856 ||| DROPPING potion of invisibility.
  4897 | D:6      | Found Muxops's Distillery.
  4903 | D:6      | 4903 ||| BUYING 2 potions of curing (84 gold).
  4903 | D:6      | Bought 2 potions of curing for 84 gold pieces
  4903 | D:6      | 4903 ||| BUYING potion of cancellation (112 gold).
  4903 | D:6      | Bought a potion of cancellation for 112 gold pieces
  4903 | D:6      | 4903 ||| SHOPLISTING potion of curing (42 gold, have 8).
  4903 | D:6      | 4903 ||| SHOPLISTING potion of heal wounds (70 gold, have
                  | 8).
  4903 | D:6      | 4903 ||| SHOPLISTING potion of might (56 gold, have 8).
  4919 | D:6      | 4919 ||| INVOKING Spit Poison.
  4923 | D:6      | 4923 ||| INVOKING Spit Poison.
  4968 | D:6      | 4968 ||| SWAPPING to +0 arbalest.
  4969 | D:6      | 4969 ||| DROPPING +1 shortbow.
  4992 | D:6      | 4992 ||| INVOKING Spit Poison.
  4995 | D:6      | 4995 ||| INVOKING Spit Poison.
  4999 | D:6      | 4999 ||| INVOKING Spit Poison.
  5146 | D:6      | 5146 ||| INVOKING Heroism.
  5147 | D:6      | 5147 ||| INVOKING Spit Poison.
  5199 | D:6      | 5199 ||| INVOKING Spit Poison.
  5202 | D:6      | 5202 ||| INVOKING Spit Poison.
  5206 | D:6      | 5206 ||| INVOKING Spit Poison.
  5212 | D:6      | 5212 ||| INVOKING Heroism.
  5213 | D:6      | 5213 ||| INVOKING Spit Poison.
  5218 | D:6      | 5218 ||| INVOKING Spit Poison.
  5221 | D:6      | 5221 ||| INVOKING Spit Poison.
  5223 | D:6      | HP: 13/85 [yak (13)]
  5224 | D:6      | Reached skill level 10 in Ranged Weapons
  5224 | D:6      | Reached skill level 3 in Invocations
  5224 | D:6      | 5224 ||| READING scroll of teleportation.
  5224 | D:6      | Slain by a yak

Levels and vault maps discovered:
D:1:      lightli_arrival_maybe_door_vault, layout_rooms, serial_shops,
          nicolae_shop_real_fake_doors
D:2:      layout_basic
D:3:      layout_basic, wad_floor_pattern_1, ebering_dispersal_statue_hall,
          uniq_jessica, uniq_grinder, uniq_pargi
D:4:      layout_loops_ring, minitemple, portal_sewer_entry_b, uniq_duvessa
D:5:      layout_gridville, nemelex_xobeh_ov_fountains_minmay,
          minmay_temple_entry_sparse_star, serial_shops, nicolae_shop_rolled_up,
          chequers_arboretum, hex_tiny, uniq_menkaure, uniq_pikel,
          uniq_prince_ribbit1
D:6:      layout_basic, serial_shops, nicolae_shop_rolling_square
Temple:   hellmonk_temple_divided_pantheon

Skill      XL: |  1  2  3  4  5  6  7  8  9 |
---------------+----------------------------+-----
Ranged Weapons | 4 5 6 7 9 10 | 10.0
Fighting       | 3 5 6 |  6.6
Dodging        | 2 3 |  3.1
Armour         | 1 |  1.0
Invocations    | 3 |  3.1
Stealth        | |  1.5

Action                     |  1- 3 |  4- 6 |  7- 9 || total
---------------------------+-------+-------+-------++-------
   Fire: Shortbow          |    49 |    84 |   249 ||   382
         Arbalest          |       |       |    28 ||    28
 Invoke: Heroism           |       |       |     5 ||     5
Ability: Spit Poison       |    20 |    19 |    76 ||   115
    Use: Scroll            |     3 |     3 |    12 ||    18
         Potion            |       |       |     3 ||     3
 Armour: Leather armour    |     7 |    13 |    97 ||   117
  Dodge: Dodged            |     8 |    15 |   134 ||   157

Table legend:
 A = Non-vault XP
 B = Vault XP
 C = Vault XP percentage of total XP
 D = Non-vault monster count
 E = Vault monster count
 F = Vault count percentage of total count
                 A         B        C        D         E       F
            +---------+---------+-------+---------+---------+-------
      Total |    2046 |    1755 |  46.2 |     110 |      12 |   9.8
            +---------+---------+-------+---------+---------+-------
        D:1 |      26 |       0 |   0.0 |      16 |       0 |   0.0
        D:2 |     115 |       0 |   0.0 |      22 |       0 |   0.0
        D:3 |      53 |     461 |  89.7 |      24 |       3 |  11.1
        D:4 |     570 |     231 |  28.8 |      25 |       6 |  19.4
        D:5 |     686 |    1063 |  60.8 |      14 |       3 |  17.6
        D:6 |     596 |       0 |   0.0 |       9 |       0 |   0.0
            +---------+---------+-------+---------+---------+-------
